 Dungeon Crawl Stone Soup version 0.30-b1-2-g02819fbbbe (webtiles) character file.

Game seed: 13409202101879840560

4468 PanWiadro the Blocker (level 10, -3/89 HPs)
             Began as an Armataur Fighter on Jan 2, 2024.
             Was a Plaything of Xom.
             Slain by a troll (14 damage)
             ... on level 8 of the Dungeon.
             The game lasted 00:23:52 (8871 turns).

PanWiadro the Blocker (Armataur Fighter)            Turns: 8871, Time: 00:23:53

Health: -3/89      AC:  4    Str: 31    XL:     10   Next: 15%
Magic:  10/10      EV:  8    Int:  6    God:    Xom [....*.]
Gold:   450        SH: 25    Dex: 13    Spells: 9/9 levels left

rFire   . . .        B - +8 mace of Arrival {venom, rC+ Dex+4}
rCold   + . .        u - +10 tower shield of Ignorance {rN+ Int-4}
rNeg    + . .        (no body armour)
rPois   .            a - +0 helmet
rElec   .            F - scarf {harm}
rCorr   .            (no gloves)
SInv    .            (no barding)
Will    .....        (no amulet)
Stlth   +            r - +6 ring of strength
HPRegen 0.34/turn    (no ring)
MPRegen 0.12/turn

%: harm (+30% outgoing, +20% incoming), roll
@: no status effects
A: large, rugged brown scales 3, deformed body, armoured tail, roll, long
tongue, awkward tongue
a: Renounce Religion


You were on level 8 of the Dungeon.
You worshipped Xom.
You were a beloved toy of Xom.
You visited 2 branches of the dungeon, and saw 9 of its levels.

You collected 618 gold pieces.
You spent 168 gold pieces at shops.

Inventory:

Hand Weapons
 c - a +0 flail of holy wrath
 n - a +2 short sword of protection
 B - the +8 mace of Arrival (weapon) {venom, rC+ Dex+4}
   (You found it on level 4 of the Dungeon)

   Dex:       It affects your dexterity (+4).
   rC:        It protects you from cold.
Missiles
 A - 2 throwing nets
Armour
 a - a +0 helmet (worn)
 b - a +4 ring mail
 j - an orb of guile
 m - a +3 plate armour
 u - the +10 tower shield of Ignorance (worn) {rN+ Int-4}
   (You found it on level 3 of the Dungeon)

   Int:       It affects your intelligence (-4).
   rN:        It protects you from negative energy.
 C - a +0 buckler of protection
 F - a scarf of harm (worn)
 J - a +2 scale mail of willpower
Jewellery
 r - a +6 ring of strength (left hand)
Wands
 d - a wand of charming (5)
 t - a wand of roots (7) (quivered)
 G - a wand of quicksilver (22)
Scrolls
 f - 2 scrolls of teleportation
 g - 3 scrolls of noise {unknown}
 h - a scroll of magic mapping {unknown}
 l - 4 scrolls of enchant weapon {unknown}
 o - 6 scrolls of identify {unknown}
 q - 3 scrolls of blinking {unknown}
 v - 2 scrolls of fear {unknown}
 y - a scroll of acquirement {unknown}
 E - a scroll of vulnerability {unknown}
 H - a scroll of amnesia {unknown}
 K - 2 scrolls of immolation {unknown}
Potions
 e - a potion of resistance {unknown}
 i - 3 potions of haste {unknown}
 k - a potion of degeneration {unknown}
 p - a potion of invisibility
 s - 3 potions of brilliance {unknown}
 w - 2 potions of curing {unknown}
 z - 3 potions of ambrosia {unknown}
 D - a potion of berserk rage {unknown}
 I - 2 potions of mutation {unknown}


   Skills:
 * Level 6.4 Fighting
 + Level 2.0 Short Blades
 * Level 8.5 Maces & Flails
 + Level 7.0 Armour
 + Level 2.0 Dodging
 + Level 0.5 Stealth
 + Level 8.8 Shields
 + Level 1.2 Evocations


You had 9 spell levels left.
You didn't know any spells.
Your spell library contained the following spells:

 Spells                   Type           Power      Damage    Failure   Level
 Sandblast                Erth           0%         2d4       82%         1
 Lesser Beckoning         Tloc           0%         N/A       91%         2
 Passwall                 Tmut/Erth      0%         N/A       91%         2
 Sublimation of Blood     Necr           0%         N/A       91%         2
 Gell's Gravitas          Tloc           0%         N/A       99%         3
 Ozocubu's Armour         Ice            0%         N/A       99%         3
 Stone Arrow              Conj/Erth      0%         3d7       99%         3
 Summon Guardian Golem    Hex/Summ       0%         N/A       99%         3
 Teleport Other           Tloc           0%         N/A       99%         3
 Volatile Blastmotes      Fire/Tloc      0%         2d10      99%         3
 Fulminant Prism          Conj/Hex       0%         3d5       100%        4
 Iskenderun's Mystic Bla  Conj/Tloc      0%         2d3       100%        4
 Petrify                  Tmut/Erth      0%         N/A       100%        4
 Irradiate                Conj/Tmut      0%         3d11      100%        5
 Lee's Rapid Deconstruct  Erth           0%         3d4*      100%        5
 Orb of Destruction       Conj           0%         9d5       100%        7
 Ozocubu's Refrigeration  Ice            0%         4d7       100%        7
 Spellforged Servitor     Conj/Summ      0%         N/A       100%        7


Dungeon Overview and Level Annotations

Branches:
Dungeon (8/15)             Temple (1/1) D:4
   Lair: D:8-11

Altars:
Dithmenos
Kikubaaqudgha
Makhleb
Nemelex Xobeh
Qazlal
Ru
Uskayaw
Xom
Zin

Shops:
D:5 (   D:6 =[

Annotations:
D:8 Gastronok


Innate Abilities, Weirdness & Mutations

You are completely covered in rugged brown scales. (AC +3, +7% HP)
Armour fits poorly on your strangely shaped body.
You have a long armoured tail.
You roll when moving toward enemies. (Rampage)
Your long tongue fully drains potion bottles. (2x potion effects)
Your tongue gives you trouble enunciating. (1.5x scroll delay)


Message History

The gnoll sergeant hits you from afar with a +0 spear!
Items here: ) ? [ ÷÷.
You roll towards the gnoll sergeant!
You sock the gnoll sergeant!
The gnoll sergeant looks as sick as possible!
The gnoll sergeant is almost dead.
The gnoll sergeant hits you with a +0 spear.
You hit the gnoll sergeant.
You kill the gnoll sergeant!
You block the yak's attack.
You roll towards the shadow imp!
You thump the shadow imp!
You kill the shadow imp!
You block the yak's attack. You block the yak's attack. x2
The troll attacks as you move away! The troll bites you.
You block the troll's attack. x2; You block the yak's attack.
Things that are here:
a +0 spear; a +0 ring mail You sock the yak!
The yak is poisoned.
Your tail-slap misses the yak.
The yak is moderately wounded.
You block the yak's attack. x2; The troll bites you.
The troll claws you. The troll barely misses you.
You hit the yak.
The yak looks as sick as possible!
You tail-slap the yak, but do no damage.
The yak is heavily wounded.
You block the yak's attack. You block the troll's attack. x2
The troll claws you. The yak barely misses you.
You hit the yak.
The yak looks as sick as possible!
You tail-slap the yak!
The yak is severely wounded.
You block the yak's attack. The yak barely misses you. The troll bites you!
You block the troll's attack. The troll claws you.
* * * LOW HITPOINT WARNING * * *
You barely miss the yak.
The yak is almost dead.
You block the yak's attack. You block the troll's attack. x2
The troll claws you but does no damage. The yak gores you but does no damage.
You block the yak's attack. The yak gores you!
* * * LOW HITPOINT WARNING * * *
The troll closely misses you. The troll claws you!
You die...
Xom laughs nastily!

#.###...### ,* #.#E#...#E#
#.###...### * #########
#.......... , .......#
#....._.... ### ***#...#.#
#..o....... ....,
*##.....###'###...### ....#
##.TY.##....#E#...#E#
#.....#..Y@)).....###...###
......#..####÷.....##......
#.....>)##.$##.....'.......
#.......'...!#.....#.......
#.......#....#.............
###..#####[.##..#.##.######
#.##.###'##...#.##.######
#.#.:.'.#####.#.........#
#.##.###'.)g##..###.....#


You could see 2 yaks and a troll.

Vanquished Creatures
  A smoke demon (D:7)
  A hornet (D:8)
  A hellwing (D:8)
  4 yaks (D:8)
  4 steam dragons
  An acid dragon (D:8)
  2 water moccasins
  An ice beast (D:6)
  3 orc warriors (D:8)
  3 sky beasts
  2 centaurs
  A phantom (D:7)
  5 bullfrogs
  2 kobold brigands
  2 scorpions (D:5)
  2 gnoll sergeants (D:8)
  4 wights (D:8)
  3 howler monkeys (D:7)
  2 hounds
  5 orc priests
  A gnoll bouda (D:8)
  5 orc wizards
  4 iguanas
  16 gnolls
  8 adders
  2 shadow imps (D:8)
  3 white imps
  3 worms
  A dart slug (D:3)
  21 orcs
  4 bats
  6 endoplasms
  3 giant cockroaches
  8 goblins
  10 hobgoblins
  A jackal (D:1)
  17 kobolds
  4 quokkas
  9 ball pythons
  2 frilled lizards (D:2)
  9 rats
186 creatures vanquished.

Vanquished Creatures (others)
  A wyvern (D:7)
  An orc (D:7)
  A plant (D:4)
3 creatures vanquished.

Grand Total: 189 creatures vanquished

Notes
Turn   | Place    | Note
-------+----------+-------------------------------------------
     0 | D:1      | PanWiadro the Armataur Fighter began the quest for the Orb.
     0 | D:1      | Reached XP level 1. HP: 19/19 MP: 1/1
    76 | D:1      | Reached XP level 2. HP: 11/26 MP: 2/2
    77 | D:1      | Found a large runed translucent door.
    77 | D:1      | Found a large runed translucent door.
  1406 | D:2      | Reached XP level 3. HP: 33/33 MP: 3/3
  3000 | D:3      | Found a shadowy altar of Dithmenos.
  3118 | D:3      | Reached XP level 4. HP: 40/40 MP: 4/4
  3435 | D:3      | Found a burning altar of Makhleb.
  3480 | D:3      | Became a worshipper of Makhleb the Destroyer
  3538 | D:3      | Found a sacrificial altar of Ru.
  3667 | D:3      | Found the +10 tower shield of Ignorance {rN+ Int-4}
  4130 | D:4      | Reached skill level 1 in Short Blades
  4209 | D:4      | Found a staircase to the Ecumenical Temple.
  4219 | Temple   | Entered the Ecumenical Temple
  4461 | D:4      | Reached XP level 5. HP: 43/48 MP: 5/5
  4551 | D:4      | Reached skill level 5 in Armour
  4570 | D:4      | Identified the +8 mace of Arrival {venom, rC+ Dex+4}
  4948 | D:5      | Entered Level 5 of the Dungeon
  4952 | D:5      | Reached * piety under Makhleb
  5051 | D:5      | Reached XP level 6. HP: 20/54 MP: 6/6
  5054 | D:5      | Reached skill level 1 in Dodging
  5059 | D:5      | Found Kihoihio's Antique Weapon Emporium.
  5360 | D:5      | Reached skill level 5 in Shields
  5537 | D:5      | Reached XP level 7. HP: 62/62 MP: 7/7
  5769 | D:6      | Found Eratt's Jewellery Emporium.
  5942 | D:6      | Identified the +0 robe of Qeelec {rElec rC+}
  6064 | D:6      | Noticed a steam dragon
  6072 | D:6      | Killed a steam dragon
  6080 | D:6      | Found Jaonwuun's Antique Armour Shop.
  6126 | D:6      | Reached skill level 5 in Maces & Flails
  6160 | D:6      | Reached XP level 8. HP: 71/71 MP: 8/8
  6207 | D:6      | Bought a shiny scale mail for 168 gold pieces
  7034 | D:7      | Reached ** piety under Makhleb
  7165 | D:7      | Reached skill level 5 in Fighting
  7249 | D:7      | Reached XP level 9. HP: 79/79 MP: 9/9
  7918 | D:8      | Found a shimmering altar of Xom.
  7937 | D:8      | Fell from the grace of Makhleb
  7937 | D:8      | Became a worshipper of Xom the Tricky
  8014 | D:8      | Found a transporter.
  8022 | D:8      | Found a transporter.
  8072 | D:8      | Reached skill level 1 in Evocations
  8257 | D:8      | XOM: divination: magic mapping
  8270 | D:8      | Found a stormy altar of Qazlal.
  8313 | D:8      | XOM: potion effect (haste)
  8315 | D:8      | XOM: potion effect (heal wounds)
  8338 | D:8      | Reached XP level 10. HP: 54/88 MP: 10/10
  8340 | D:8      | XOM: divination: magic mapping
  8350 | D:8      | Noticed Gastronok
  8393 | D:7      | Noticed a smoke demon
  8400 | D:8      | HP: 4/88 [hellwing[the fury of Makhleb] (13)]
  8401 | D:8      | HP: 1/88 [hellwing[the fury of Makhleb] (3)]
  8507 | D:8      | XOM: silly message
  8519 | D:7      | Killed a smoke demon
  8548 | D:7      | XOM: noise
  8607 | D:7      | XOM: divination: detect items
  8871 | D:8      | Slain by a troll

Illustrated notes

Levels and vault maps discovered:
D:1:      erik_arrival_cave_to_civilisation [erik_arrival_cave_to_temple],
          layout_basic
D:2:      layout_basic
D:3:      layout_basic, nicolae_dithmenos_through_a_glass_darkly,
          overflow_temple_1_default, marbit_many_paths, item_on_display_a
D:4:      layout_loops_corners, temple_statues, guppyfry_early_lair_pool
D:5:      layout_loops_cross, serial_shops, nicolae_shop_dealshenge,
          dreamdust_wishing_well
D:6:      layout_basic, serial_shops, shop, nicolae_inconvenience_store
D:7:      layout_rooms, nzn_wu_jian_contemplation,
          nicolae_concentric_dashed_squares_mild, st_stairs_14
D:8:      gammafunk_beogh_shrine, layout_basic,
          nicolae_qazlal_style_of_elements, tgw_xom, minmay_joined_circles,
          uniq_gastronok
Temple:   hellmonk_temple_two_chambers

Skill      XL: |  1  2  3  4  5  6  7  8  9 10 |
---------------+-------------------------------+-----
Maces & Flails | 2 3 5 6 8 |  8.5
Fighting       | 3 4 5 6 |  6.4
Armour         | 4 5 6 7 |  7.0
Short Blades   | 1 2 |  2.0
Shields        | 4 5 7 8 |  8.8
Dodging        | 1 2 |  2.0
Evocations     | 1 |  1.2
Stealth        | |  0.5

Action                     |  1- 3 |  4- 6 |  7- 9 | 10-12 || total
---------------------------+-------+-------+-------+-------++-------
  Melee: Flail             |    69 |       |       |       ||    69
         Tailslap          |    17 |    21 |    24 |    12 ||    74
         Short sword       |    85 |    97 |       |       ||   182
         Mace              |       |    37 |   201 |    61 ||   299
  Evoke: Wand              |       |       |     1 |       ||     1
    Use: Scroll            |     1 |       |       |     2 ||     3
         Potion            |       |       |     1 |       ||     1
 Armour: Scale mail        |    45 |       |    41 |     7 ||    93
         Chain mail        |    90 |    44 |     7 |       ||   141
         Skin              |       |       |       |     2 ||     2
  Dodge: Dodged            |    68 |    11 |    29 |    12 ||   120
  Block: Buckler           |    43 |     7 |       |       ||    50
         Tower shield      |       |   110 |   257 |    88 ||   455
